 Dungeon Crawl Stone Soup version 0.21-a0-142-gdd972a7 (webtiles) character file.

2799 nikopol the Thaumaturge (level 9, -1/46 HPs)
             Began as a Deep Elf Fire Elementalist on July 22, 2017.
             Was a Follower of Sif Muna.
             Shot with an arrow by a centaur (16 damage)
             ... on level 7 of the Dungeon.
             The game lasted 00:26:42 (7705 turns).

nikopol the Thaumaturge (DEFE)                      Turns: 7705, Time: 00:26:43

Health: -1/46      AC:  2    Str:  5    XL:     9   Next: 43%
Magic:  5/25       EV: 14    Int: 24    God:    Sif Muna [*.....]
Gold:   395        SH:  0    Dex: 15    Spells: 17/28 levels left

rFire    . . .     SeeInvis .   B - +2 short sword (elec)
rCold    . . .     Gourm    .   (no shield)
rNeg     . . .     Faith    .   a - +0 robe
rPois    .         Spirit   .   (no helmet)
rElec    .         Reflect  .   (no cloak)
rCorr    .         Harm     .   (no gloves)
MR       .....                  (no boots)
Stlth    ++++......             (no amulet)
HPRegen  0.15/turn              d - ring of stealth
MPRegen  0.19/turn              (no ring)

@: divine energy
A: no striking features
a: Stop Divine Energy, Renounce Religion


You were on level 7 of the Dungeon.
You worshipped Sif Muna.
Sif Muna was aware of your devotion.
You were not hungry.

You visited 2 branches of the dungeon, and saw 8 of its levels.

You collected 395 gold pieces.

Inventory:

Hand Weapons
 B - a +2 short sword of electrocution (weapon)
 H - a +6 dagger
Armour
 a - a +0 robe (worn)
Jewellery
 d - a ring of stealth (left hand)
Wands
 j - a wand of polymorph (8/24)
 s - a wand of paralysis (19/24)
 D - a wand of digging (13/24)
 E - a wand of flame (20/48)
Scrolls
 e - 6 scrolls of remove curse
 f - 4 scrolls of fear
 i - a scroll of random uselessness {unknown}
 m - a scroll of enchant armour {unknown}
 n - 2 scrolls of blinking {unknown}
 q - a scroll of noise {unknown}
 t - 5 scrolls of magic mapping {unknown}
 v - a scroll of amnesia {unknown}
 w - 3 scrolls of teleportation {unknown}
 y - a scroll of fog {unknown}
 A - a scroll of immolation {unknown}
 G - a scroll of holy word {unknown}
Potions
 h - a potion of heal wounds
 l - 3 potions of brilliance
 o - a potion of berserk rage
 p - a potion of degeneration {unknown}
 u - 2 potions of magic
 x - a potion of curing {unknown}
 C - a potion of mutation {unknown}
 F - a potion of agility {unknown}
 I - a potion of ambrosia {unknown}
Books
 b - a book of Flames

   Spells                             Type                      Level
   a - Flame Tongue                   Conjuration/Fire             1
   b - Throw Flame                    Conjuration/Fire             2
   c - Conjure Flame                  Conjuration/Fire             3
   d - Inner Flame                    Hexes/Fire                   3
   e - Sticky Flame                   Conjuration/Fire             4
   f - Fireball                       Conjuration/Fire             5
Comestibles
 c - 5 bread rations
 g - 4 fruits
 r - 5 royal jellies
 z - 2 meat rations


   Skills:
 + Level 0.4 Fighting
 + Level 4.3 Dodging
 + Level 4.5 Stealth
 + Level 10.2 Spellcasting
 + Level 7.1 Conjurations
 + Level 8.5 Fire Magic


You had 17 spell levels left.
You knew the following spells:

 Your Spells              Type           Power        Failure   Level  Hunger
a - Flame Tongue          Conj/Fire      #####        1%          1    None
b - Throw Flame           Conj/Fire      ######       1%          2    None
c - Conjure Flame         Conj/Fire      ######..     1%          3    None
d - Fireball              Conj/Fire      ######....   5%          5    ####...


Dungeon Overview and Level Annotations

Branches:
Dungeon (7/15)             Temple (1/1) D:6

Altars:
Ashenzari
Dithmenos
Elyvilon
Fedhas
Gozag
Hepliaklqana
Kikubaaqudgha
Makhleb
Qazlal
Ru
Sif Muna
Uskayaw
Xom
Yredelemnul
Zin


Message History

Aim: an orc priest, wielding a whip The flame tongue hits the orc priest.
The orc priest is almost dead.
The orc priest calls down the wrath of Beogh upon you.
Beogh smites you!
Casting: Flame Tongue
Confirm with . or Enter, or press ? or * to list all spells.
Aiming: Fireball
Press: ? - help, Shift-Dir - straight line, f/p - orc priest
Aim: an orc priest, wielding a whip (almost dead)
The fireball explodes!
The fireball engulfs the orc priest.
You kill the orc priest!
Sif Muna accepts your kill.
The fireball engulfs the orc.
You kill the orc!
Sif Muna accepts your kill.
The fireball engulfs the centaur.
The centaur is almost dead.
The centaur shoots an arrow.
The arrow hits you!
You die...

... +...........## #.#
#.......<..... #.#
#.......#..### .. #.#
#..._...##.###
....###.###._..._.##.#..
....................[[)[
...###.##._..⌠.._.##..#
#.##.........##..#
#@###._..._.###..# #.#
#..._...# ##.# #.#
#.#...### #.. #§#
#.#.### #.. #)) .....
#[.


))c #.. .#o ... #.. . .. .. #.# .. #.# You could see a centaur and an orc.

Vanquished Creatures
  A hippogriff (D:6)
  A hungry ghost (D:7)
  The ghost of wazuzu the Firebug, an amateur DrFE (D:3)
  Menkaure (D:4)
  An ice beast (D:6)
  3 orc warriors
  2 ogres
  A centaur (D:5)
  2 scorpions
  A water moccasin skeleton (D:6)
  5 killer bees (D:7)
  4 wights (D:6)
  2 electric eels (D:5)
  2 howler monkeys
  A centaur zombie (D:5)
  4 hounds
  3 orc priests
  3 jellies
  2 orc wizards
  3 iguanas (D:4)
  5 worker ants
  Natasha (thrice) (D:4)
  Robin (D:4)
  2 gnolls (D:1)
  A howler monkey skeleton (D:4)
  9 adders
  A hound simulacrum (D:6)
  A shadow imp (D:5)
  4 oozes
  2 adder zombies (D:5)
  An adder skeleton (D:4)
  3 worms
  3 dart slugs (D:1)
  A leopard gecko (D:1)
  17 orcs
  6 bats
  A giant cockroach (D:1)
  11 goblins
  8 hobgoblins
  2 quokkas
  3 ball pythons
  8 frilled lizards
  A giant cockroach zombie (D:5)
  5 kobolds
  2 leopard gecko skeletons
  A quokka zombie (D:7)
  7 rats
152 creatures vanquished.

Notes
Turn   | Place    | Note
-------+----------+-------------------------------------------
     0 | D:1      | nikopol the Deep Elf Fire Elementalist began the quest for the Orb.
     0 | D:1      | Reached XP level 1. HP: 10/10 MP: 6/6
   129 | D:1      | Reached XP level 2. HP: 11/15 MP: 1/8
   305 | D:1      | Learned a level 2 spell: Throw Flame
   380 | D:1      | Reached XP level 3. HP: 19/19 MP: 5/9
   385 | D:1      | Learned a level 3 spell: Conjure Flame
   838 | D:2      | Reached XP level 4. HP: 24/24 MP: 5/11
   942 | D:2      | Reached skill level 4 in Spellcasting
  1563 | D:3      | Noticed wazuzu's ghost (amateur DrFE)
  1803 | D:3      | Reached XP level 5. HP: 28/28 MP: 5/13
  2143 | D:3      | Reached skill level 5 in Spellcasting
  2336 | D:3      | Killed wazuzu's ghost
  2336 | D:3      | Reached skill level 5 in Fire Magic
  2336 | D:3      | Reached XP level 6. HP: 15/32 MP: 2/16
  2343 | D:3      | Learned a level 5 spell: Fireball
  2776 | D:4      | Noticed Menkaure
  2785 | D:4      | Killed Menkaure
  2785 | D:4      | Reached skill level 6 in Spellcasting
  2785 | D:4      | Reached XP level 7. HP: 31/36 MP: 8/18
  2999 | D:4      | Found an opulent altar of Gozag.
  3189 | D:4      | Noticed Natasha
  3194 | D:4      | Killed Natasha
  3371 | D:4      | Noticed Natasha
  3374 | D:4      | Killed Natasha
  3473 | D:4      | Noticed Natasha
  3482 | D:4      | Killed Natasha
  3482 | D:4      | Reached skill level 7 in Spellcasting
  4105 | D:4      | Noticed Robin
  4117 | D:4      | Killed Robin
  4269 | D:5      | Entered Level 5 of the Dungeon
  4338 | D:5      | Reached XP level 8. HP: 41/41 MP: 13/21
  4519 | D:5      | Reached skill level 5 in Conjurations
  4763 | D:5      | Found a transporter.
  4821 | D:5      | Found a white marble altar of Elyvilon.
  4921 | D:5      | Found a transporter.
  5078 | D:5      | Reached skill level 8 in Spellcasting
  5705 | D:6      | Found a stormy altar of Qazlal.
  5921 | D:6      | Found a staircase to the Ecumenical Temple.
  5926 | Temple   | Entered the Ecumenical Temple
  5933 | Temple   | Became a worshipper of Sif Muna the Loreminder
  6063 | D:6      | Noticed a hippogriff
  6071 | D:6      | Killed a hippogriff
  6071 | D:6      | Reached skill level 9 in Spellcasting
  6804 | D:7      | Found an ancient bone altar of Kikubaaqudgha.
  6804 | D:7      | Found a hide-covered altar of Uskayaw.
  6804 | D:7      | Found a hazy altar of Hepliaklqana.
  6804 | D:7      | Found a shadowy altar of Dithmenos.
  6804 | D:7      | Found a shattered altar of Ashenzari.
  6804 | D:7      | Found a shimmering altar of Xom.
  6804 | D:7      | Found a sacrificial altar of Ru.
  6807 | D:7      | Found a burning altar of Makhleb.
  6835 | D:7      | Reached XP level 9. HP: 45/45 MP: 12/24
  6944 | D:7      | Reached * piety under Sif Muna
  7125 | D:7      | Reached skill level 10 in Spellcasting
  7160 | D:6      | HP: 2/46 [poisoned by a killer bee]
  7167 | D:6      | HP: 2/46 [poisoned by a killer bee]
  7175 | D:6      | HP: 1/46 [poisoned by a killer bee]
  7705 | D:7      | Shot with an arrow by a centaur

Vault maps used:
D:1:      dpeg_arrival_brainrot
D:3:      first_bread, minmay_strange_pillars, kennysheep_generic_room_3
D:4:      grunt_gozag_breadcrumbs, uniq_robin, uniq_menkaure, uniq_natasha
D:5:      gammafunk_steamed_eel, elyvilon_altar_4, minmay_misc_feat_cross
D:6:      lemuel_crystal_altar, minmay_temple_entry_statues_pillars,
          minmay_three_doors
D:7:      vehumet_crystals, grunt_temple_overflow_open
Temple:   compressed_dpeg_triangle_lava_temple

Skill      XL: |  1  2  3  4  5  6  7  8  9 |
---------------+----------------------------+-----
Fire Magic     | 4 5 6 7 8 |  8.5
Spellcasting   | 4 5 6 7 9 10 | 10.2
Stealth        | 3 4 |  4.5
Conjurations   | 2 3 4 6 7 |  7.1
Dodging        | 3 4 |  4.3
Fighting       | |  0.4

Action                   |  1- 3 |  4- 6 |  7- 9 || total
-------------------------+-------+-------+-------++-------
 Cast: Flame Tongue      |    48 |    90 |   237 ||   375
       Conjure Flame     |       |     3 |     8 ||    11
       Throw Flame       |       |     1 |    14 ||    15
       Fireball          |       |       |     4 ||     4
Invok: Divine Energy     |       |       |     1 ||     1
  Use: Scroll            |       |       |     8 ||     8
  Eat: Chunk             |       |     5 |    15 ||    20
       Fruit             |       |       |     1 ||     1
Armor: Robe              |     2 |     3 |     7 ||    12
Dodge: Dodged            |     6 |    11 |    62 ||    79
